 Dungeon Crawl Stone Soup version 0.30-a0-777-ga9a30cbeda (webtiles) character file.

Game seed: 14447761746478488562

1297 demibob the Cleaver (level 8, -4/96 HPs)
             Began as a Hill Orc Berserker on Feb 15, 2023.
             Was a Priest of Trog.
             Killed by divine providence
             ... invoked by an orc priest
              (17 damage)
             ... on level 6 of the Dungeon.
             The game lasted 00:06:43 (4981 turns).

demibob the Cleaver (Hill Orc Berserker)            Turns: 4981, Time: 00:06:44

Health: -4/96      AC:  4    Str: 22    XL:     8   Next: 56%
Magic:  8/8        EV: 11    Int:  7    God:    Trog [***...]
Gold:   304        SH:  0    Dex: 10    Spells: 7/7 levels left

rFire   . . .      SeeInvis .    a - +1 hand axe
rCold   . . .      Faith    .    (no shield)
rNeg    . . .      Spirit   .    b - +0 animal skin
rPois   +          Reflect  .    k - +1 helmet
rElec   .          Harm     .    (no cloak)
rCorr   .          Rampage  .    (no gloves)
Will    +....                    (no boots) Stlth
                                 (no amulet)
HPRegen 0.36/turn                P - ring of poison resistance
MPRegen 0.11/turn                W - ring of willpower

@: berserking, very quick
A: no striking features
a: Renounce Religion, Convert to Beogh, Berserk, Trog's Hand


You were on level 6 of the Dungeon.
You worshipped Trog.
Trog was most pleased with you.
You visited 1 branch of the dungeon, and saw 6 of its levels.

You collected 304 gold pieces.


   Skills:
 - Level 3.6 Fighting
 + Level 13.6 Axes
 - Level 2.1 Armour
 - Level 1.5 Dodging


You had 7 spell levels left.
You didn't know any spells.
Your spell library was empty.

Inventory:

Hand Weapons
 a - a +1 hand axe (weapon)
Armour
 b - a +0 animal skin (worn)
 k - a +1 helmet (worn)
Jewellery
 F - a ring of fire
 M - a ring of magical power
 P - a ring of poison resistance (left hand)
 S - a +6 ring of strength
 W - a ring of willpower (right hand)
Scrolls
 c - a scroll of poison {unknown}
 d - a scroll of identify {@r1}
 e - 6 scrolls of teleportation {@r2}
 f - a scroll of amnesia
Potions
 g - 5 potions of attraction
 h - a potion of brilliance
 i - a potion of mutation {unknown}
 j - 3 potions of lignification {unknown}
 m - 2 potions of heal wounds {unknown}
 n - 4 potions of flight {unknown}
 o - 2 potions of might {unknown}
 p - a potion of cancellation {unknown}
 q - 2 potions of haste {@q3}

Dungeon Overview and Level Annotations

Branches:
Dungeon (6/15)
 Temple: D:4-7

Altars:
Makhleb
Sif Muna
Wu Jian
Zin

Annotations:
D:3 3 runed translucent doors, Tollund's ghost, weakling VSFi

#### #... # #####.## .#.
#.....## $...#####
#.....##
.../....#############.##
[.....o)................
#@########.#:#####
#..........#.#....
#.###.######.#.###
#.###.####...#.# #
#.......##.###.###
####.##..#.......#
#.###.....#.###
#.#####...#.#
#...........##


You could see an orc priest.


Message History

The orc priest is moderately wounded.
You completely miss the orc priest.
The orc priest is moderately wounded.
An orc priest comes into view. It is wielding a +0 dagger.
The orc priest mumbles some strange prayers to Beogh against you.
You resist with some effort.
The orc priest shouts!
Use which ability? (? or * to list)
A red film seems to cover your vision as you go berserk!
You feel yourself moving faster!
You feel mighty!
The orc priest begins to cast a cantrip, but forgets the words!
The orc priest misses you.
You hit the orc priest.
The orc priest is moderately wounded.
The orc priest threatens, "By the altar or by the axe, you will meet Beogh!"
You slash the orc priest!
The orc priest shouts, "Join the one true god or die!" x2
You closely miss the orc priest.
The orc priest is moderately wounded.
The orc priest shouts, "Join the one true god or die!"
You slash the orc priest!
You kill the orc priest!
Trog accepts your kill.
You closely miss the orc priest.
The orc priest shouts, "Beogh is our master!
Accept the truth or die!"
The orc priest is moderately wounded.
The orc priest shouts, "Beogh is our master!
Accept the truth or die!"
The orc priest invokes the aid of Beogh against you.
Beogh smites you!
You die...

Skill      XL: |  1  2  3  4  5  6  7  8 |
---------------+-------------------------+-----
Axes           | 5 6 7 8 10 12 13 | 13.6
Fighting       | |  3.6
Armour         | |  2.1
Dodging        | |  1.5

Action                     |  1- 3 |  4- 6 |  7- 9 || total
---------------------------+-------+-------+-------++-------
  Melee: Hand axe          |   127 |   131 |   119 ||   377
         Punch             |     1 |     2 |     2 ||     5
 Invoke: Berserk           |       |     4 |     3 ||     7
    Use: Potion            |     1 |       |       ||     1
         Scroll            |       |       |    12 ||    12
   Stab: Sleeping          |       |     1 |       ||     1
 Armour: Animal skin       |    26 |    15 |    22 ||    63
  Dodge: Dodged            |    69 |    61 |    50 ||   180

Levels and vault maps discovered:
D:1:      eino_arrival_cavern_c, layout_loops_ring
D:2:      layout_rooms
D:3:      layout_basic, ebering_ghost_rock_garden, minmay_distorted
D:4:      layout_gridville, lemuel_doored_altar,
          pdpol_wu_jian_five_deadly_venoms, uniq_robin, uniq_menkaure,
          uniq_blork_the_orc
D:5:      layout_loops_ring, grunt_temple_overflow_open, minmay_crossroads
D:6:      layout_basic, enter_ossuary_1, lemuel_flamethrower_1

Notes
Turn   | Place    | Note
-------+----------+-------------------------------------------
     0 | D:1      | demibob the Hill Orc Berserker began the quest for the Orb.
     0 | D:1      | Reached XP level 1. HP: 19/19 MP: 1/1
   335 | D:1      | Reached XP level 2. HP: 26/26 MP: 2/2
   742 | D:2      | Reached skill level 5 in Axes
   994 | D:2      | Reached XP level 3. HP: 30/31 MP: 3/3
  1319 | D:3      | Reached skill level 6 in Axes
  1490 | D:3      | Reached ** piety under Trog
  1496 | D:3      | Reached XP level 4. HP: 33/39 MP: 4/4
  1620 | D:3      | Found a runed translucent gate.
  1622 | D:3      | Noticed Tollund's ghost (weakling VSFi)
  1623 | D:3      | Found a runed translucent gate.
  1623 | D:3      | Found a runed translucent gate.
  2021 | D:4      | Noticed a scorpion
  2028 | D:4      | Killed a scorpion
  2029 | D:4      | Reached skill level 7 in Axes
  2029 | D:4      | Reached XP level 5. HP: 45/45 MP: 5/5
  2148 | D:4      | Reached skill level 8 in Axes
  2229 | D:4      | Noticed Robin
  2242 | D:4      | Killed Robin
  2250 | D:4      | Reached XP level 6. HP: 30/51 MP: 6/6
  2403 | D:4      | Found a burning altar of Makhleb.
  2590 | D:4      | Reached skill level 9 in Axes
  2632 | D:4      | Reached *** piety under Trog
  2687 | D:4      | Found an ornate altar of the Wu Jian Council.
  2860 | D:4      | Noticed Blork the orc
  2868 | D:4      | Killed Blork the orc
  2869 | D:4      | Reached skill level 10 in Axes
  2869 | D:4      | Reached XP level 7. HP: 57/57 MP: 7/7
  3061 | D:4      | Noticed Menkaure
  3067 | D:4      | Killed Menkaure
  3068 | D:4      | Reached skill level 11 in Axes
  3724 | D:5      | Entered Level 5 of the Dungeon
  3869 | D:5      | Reached skill level 12 in Axes
  3869 | D:5      | Reached XP level 8. HP: 36/64 MP: 8/8
  4312 | D:5      | Found a glowing silver altar of Zin.
  4314 | D:5      | Found a shimmering blue altar of Sif Muna.
  4813 | D:6      | Reached skill level 13 in Axes
  4981 | D:6      | Killed from afar by an orc priest

Vanquished Creatures
  Menkaure (D:4)
  2 black bears
  An ogre (D:4)
  A centaur (D:6)
  A kobold brigand (D:4)
  Blork the orc (D:4)
  3 scorpions
  A howler monkey (D:4)
  2 hounds
  3 orc priests
  4 iguanas
  3 orc wizards (D:4)
  Robin (D:4)
  6 adders
  3 worms
  A dart slug (D:2)
  12 orcs
  A bat (D:3)
  An endoplasm (D:4)
  2 giant cockroaches
  15 goblins
  16 hobgoblins
  A quokka (D:3)
  7 ball pythons
  5 frilled lizards
  5 kobolds
  2 rats
101 creatures vanquished.

Table legend: (Time is in decaauts)
 A = Elapsed time spent in this place.
 B = Non-inter-level travel time spent in this place.
 C = Inter-level travel time spent in this place.
 D = Time resting spent in this place.
 E = Time spent auto-exploring this place.
 F = Levels seen in this place.
 G = Mean time per level.
                   A        B        C        D        E       F      G
               +--------+--------+--------+--------+--------+-----+--------+
         Total |   4979 |   4857 |    122 |     98 |   3957 |   6 |  829.8 |
       Dungeon |   4979 |   4857 |    122 |     98 |   3957 |   6 |  829.8 |
               +--------+--------+--------+--------+--------+-----+--------+

Top non-repeatable levels by time:
     D:4: 1729 daAuts
     D:5: 957 daAuts
     D:3: 795 daAuts
     D:1: 737 daAuts
     D:2: 491 daAuts
     D:6: 268 daAuts

Table legend:
 A = Non-vault XP
 B = Vault XP
 C = Vault XP percentage of total XP
 D = Non-vault monster count
 E = Vault monster count
 F = Vault count percentage of total count
                 A         B        C        D         E       F
            +---------+---------+-------+---------+---------+-------
      Total |    1335 |     518 |  28.0 |      80 |      21 |  20.8
            +---------+---------+-------+---------+---------+-------
        D:1 |      15 |       0 |   0.0 |       9 |       0 |   0.0
        D:2 |      37 |       0 |   0.0 |      14 |       0 |   0.0
        D:3 |      39 |       5 |  11.4 |      14 |       3 |  17.6
        D:4 |     778 |     305 |  28.2 |      32 |      15 |  31.9
        D:5 |     192 |     208 |  52.0 |       6 |       3 |  33.3
        D:6 |     274 |       0 |   0.0 |       5 |       0 |   0.0
            +---------+---------+-------+---------+---------+-------
